 Dungeon Crawl Stone Soup version 0.30-a0-883-g5ad918d (webtiles) character file.

Game seed: 3777358469424238340

85 Think the Ducker (level 4, 0/31 HPs)
             Began as an Octopode Fighter on Mar 17, 2023.
             Was a Follower of Zin.
             Slain by Edmund
             ... wielding a +0 heavy flail
              (6 damage)
             ... on level 4 of the Dungeon.
             The game lasted 00:03:24 (2738 turns).

Think the Ducker (Octopode Fighter)                 Turns: 2738, Time: 00:03:25

Health: 0/31       AC:  1    Str: 15    XL:     4   Next: 48%
Magic:  4/4        EV: 14    Int: 10    God:    Zin [*.....]
Gold:   144        SH:  4    Dex: 13    Spells: 3/3 levels left

rFire   . . .      SeeInvis .    a - +0 long sword
rCold   . . .      Faith    .    b - +0 buckler
rNeg    . . .      Spirit   .    (helmet restricted)
rPois   .          Reflect  .    (no amulet)
rElec   .          Rampage  .    i - ring of willpower
rCorr   .                        (no ring)
Will    +....                    (no ring)
Stlth   ++                       (no ring)
HPRegen 0.25/turn                (no ring)
MPRegen 0.09/turn                (no ring)
                                 (no ring)
                                 (no ring)

@: no status effects
A: almost no armour, amphibious, 8 rings, camouflage 1, gelatinous body 1,
(nimble swimmer 1), tentacles
a: Renounce Religion, Recite, Donate Gold


You were on level 4 of the Dungeon.
You worshipped Zin.
Zin was aware of your devotion.
You visited 1 branch of the dungeon, and saw 4 of its levels.

You collected 159 gold pieces.
You donated 15 gold pieces to Zin.

Inventory:

Hand Weapons
 a - a +0 long sword (weapon)
Armour
 b - a +0 buckler (worn)
Jewellery
 i - a ring of willpower (left tentacle)
Wands
 h - a wand of flame (6)
Scrolls
 d - a scroll of identify {unknown}
 f - a scroll of amnesia {unknown}
 g - a scroll of fog {unknown}
 m - 2 scrolls of blinking {unknown}
 o - a scroll of fear {unknown}
Potions
 c - a potion of might
 e - 2 potions of curing {unknown}
 j - a potion of mutation {unknown}
 k - 2 potions of invisibility
 l - 2 potions of brilliance {unknown}
 n - a potion of resistance {unknown}
 p - a potion of heal wounds {unknown}
 q - a potion of lignification {unknown}


   Skills:
 - Level 3.0 Fighting
 - Level 2.0 Long Blades
 + Level 5.1 Dodging
 - Level 3.0 Shields


You had 3 spell levels left.
You didn't know any spells.
Your spell library contained the following spells:

 Spells                   Type           Power      Damage    Failure   Level
 Beastly Appendage        Tmut           0%         N/A       45%         1
 Shock                    Conj/Air       0%         1d3       45%         1
 Lesser Beckoning         Tloc           0%         N/A       58%         2
 Sublimation of Blood     Necr           0%         N/A       58%         2
 Wereblood                Tmut           0%         N/A       58%         2
 Gell's Gravitas          Tloc           0%         N/A       83%         3
 Spider Form              Tmut/Pois      0%         N/A       83%         3
 Swiftness                Air            0%         N/A       83%         3
 Teleport Other           Tloc           0%         N/A       83%         3
 Airstrike                Air            0%         2d(0-16)  99%         4
 Summon Hydra             Summ           0%         N/A       100%        7


Dungeon Overview and Level Annotations

Branches:
Dungeon (4/15)
 Temple: D:4-7

Altars:
Ashenzari
Zin

Shops:
D:2 (

Annotations:
D:3 3 runed translucent doors, Dorkslayer's ghost, amateur HOFi
D:4 Edmund


Innate Abilities, Weirdness & Mutations

You cannot wear most types of armour.
You are amphibious.
You can wear up to eight rings at the same time.
Your skin changes colour to match your surroundings (Stealth+).
Your rubbery body absorbs attacks. (AC +1, EV +1)
((You are camouflaged when in or above water. (Stealth+)))
You have tentacles for arms and can constrict up to eight enemies at once.


Message History

Key pressed, stopping explore.
The adder hisses angrily.
The hobgoblin shouts!
Could not explore, unopened runed door.
(D) Dungeon
Where to? (Enter - D:3 @ (x,y), ? - help)
There is a stone staircase leading down here.
You climb downwards.
There is a stone staircase leading up here.
There are monsters nearby!
There are monsters nearby!
There are monsters nearby!
A goblin comes into view. It is wielding a +0 dagger.
The endoplasm quivers.
The endoplasm hits you.
The goblin shouts!
You hear a shout!
The endoplasm freezes you.
You are frozen.
Edmund shouts!
The goblin hits you with a +0 dagger.
The endoplasm hits you but does no damage.
You closely miss Edmund. Your grab misses Edmund. The goblin barely misses you.
The endoplasm hits you. Edmund barely misses you.
You hit Edmund. You grab Edmund.
Edmund is lightly wounded.
You constrict Edmund. The goblin barely misses you. The endoplasm freezes you.
You are frozen.
Edmund barely misses you.
You slash Edmund!
Edmund is moderately wounded.
You constrict Edmund. The goblin closely misses you. The endoplasm freezes you.
You are frozen.
The endoplasm freezes you.
You are frozen.
* * * LOW HITPOINT WARNING * * *
The goblin hits you with a +0 dagger.
* * * LOW HITPOINT WARNING * * *
Edmund hits you with a +0 heavy flail.
You die...

#. #. #. #.
##. # #..
######.#
#..##J.....###
#..<..@@......
#..##g##.##.##
#.. #g# # #..
... #..##.#.
#.. ....# #..
#.. . #.g .#.
##


You could see Edmund, an endoplasm and 2 goblins.

Vanquished Creatures
  3 adders
  A dart slug (D:1)
  6 bats
  4 endoplasms
  A giant cockroach (D:2)
  5 goblins (D:1)
  4 hobgoblins
  9 jackals
  6 kobolds
  2 quokkas
  4 ball pythons
  3 frilled lizards
  3 rats (D:1)
51 creatures vanquished.

Notes
Turn   | Place    | Note
-------+----------+-------------------------------------------
     0 | D:1      | Think the Octopode Fighter began the quest for the Orb.
     0 | D:1      | Reached XP level 1. HP: 16/16 MP: 1/1
   191 | D:1      | Reached XP level 2. HP: 21/21 MP: 2/2
   485 | D:1      | Reached skill level 4 in Dodging
   586 | D:1      | Reached XP level 3. HP: 26/26 MP: 3/3
   792 | D:2      | Found Vimenecaj's Weapon Emporium.
  1457 | D:2      | Reached XP level 4. HP: 31/31 MP: 4/4
  1889 | D:3      | Found a broken altar of Ashenzari.
  1903 | D:3      | Found a runed translucent gate.
  1904 | D:3      | Found a runed translucent gate.
  1905 | D:3      | Found a runed translucent gate.
  1919 | D:3      | Noticed Dorkslayer's ghost (amateur HOFi)
  1977 | D:3      | Reached skill level 5 in Dodging
  2022 | D:3      | Found a glowing silver altar of Zin.
  2087 | D:3      | Became a worshipper of Zin the Law-Giver
  2087 | D:3      | Reached * piety under Zin
  2732 | D:4      | Noticed Edmund
  2738 | D:4      | Slain by Edmund

Illustrated notes

Levels and vault maps discovered:
D:1:      enne_arrival_octagon_isle, layout_basic
D:2:      layout_loops_corners, serial_shops, nicolae_shop_advertising_works
          [nicolae_subvault_shop_adworks], kennysheep_nondescript
D:3:      layout_basic, mainiacjoe_overflow_alcove_4, overflow_temple_1_default,
          gammafunk_ghost_split
D:4:      layout_loops_ring, grunt_temple_overflow_opulence, serial_shops, shop,
          minmay_door_square, uniq_grinder, uniq_edmund

Skill      XL: |  1  2  3  4 |
---------------+-------------+-----
Dodging        | 4 5 |  5.1
Fighting       | |  3.0
Long Blades    | |  2.0
Shields        | |  3.0

Action                     |  1- 3 |  4- 6 || total
---------------------------+-------+-------++-------
  Melee: Long sword        |    79 |    24 ||   103
         Constrict         |    20 |     6 ||    26
         Tentacles         |    15 |       ||    15
         Punch             |     2 |       ||     2
    Use: Potion            |       |     1 ||     1
   Stab: Sleeping          |    13 |     2 ||    15
 Armour: Skin              |     5 |     2 ||     7
  Dodge: Dodged            |    56 |    22 ||    78
  Block: Buckler           |    16 |    10 ||    26

Table legend: (Time is in decaauts)
 A = Elapsed time spent in this place.
 B = Non-inter-level travel time spent in this place.
 C = Inter-level travel time spent in this place.
 D = Time resting spent in this place.
 E = Time spent auto-exploring this place.
 F = Levels seen in this place.
 G = Mean time per level.
                   A        B        C        D        E       F      G
               +--------+--------+--------+--------+--------+-----+--------+
         Total |   2774 |   2655 |    119 |    118 |   2175 |   4 |  693.5 |
       Dungeon |   2774 |   2655 |    119 |    118 |   2175 |   4 |  693.5 |
               +--------+--------+--------+--------+--------+-----+--------+

Top non-repeatable levels by time:
     D:1: 943 daAuts
     D:3: 927 daAuts
     D:2: 897 daAuts
     D:4: 6 daAuts
